 Dungeon Sprint DCSS version 0.23.0-3-gf3c87f2 (webtiles) character file.

Game seed: 12513391436310654722

5100 nuthulu the Thaumaturge (level 10, -4/83 HPs)
             Began as a Gnoll Fire Elementalist on Feb 20, 2019.
             Was the Champion of Vehumet.
             Slain by a fire elemental (12 damage)
             ... summoned by a deep elf mage
             ... in the Dungeon (Sprint V: "Ziggurat Sprint").
             The game lasted 00:06:12 (945 turns).

nuthulu the Thaumaturge (Gnoll Fire Elementalist)    Turns: 945, Time: 00:06:14

Health: -4/83      AC:  5    Str: 10    XL:     10   Next: 57%
Magic:  4/33       EV: 14    Int: 20    God:    Vehumet [******]
Gold:   0          SH: 29    Dex: 23    Spells: 12/29 levels left

rFire    . . .     SeeInvis .   D - +6 shillelagh "Devastator" {shatter}
rCold    . . .     Gourm    .   l - +18 shield of the Gong {rElec rN+ MR+ EV-5}
rNeg     + . .     Faith    .   I - +3 robe of Clouds {+Thunder rCloud rElec}
rPois    .         Spirit   .   (no helmet)
rElec    +         Reflect  .   (no cloak)
rCorr    .         Harm     .   (no gloves)
MR       +....     NoTele   +   (no boots)
Stlth    +++++.....             (no amulet)
HPRegen  0.23/turn              x - +6 ring of dexterity
MPRegen  0.23/turn              J - ring of magical power

@: drained
A: distributed training, fangs 1, strong nose
a: Renounce Religion, Evoke Thunderclouds


You were in the Dungeon.
You worshipped Vehumet.
Vehumet was exalted by your worship.
You were not hungry.

You visited 1 branch

Inventory:

Hand Weapons
 D - the +6 shillelagh "Devastator" (weapon) {shatter}
   (You found it in the Dungeon)
Armour
 a - a +0 robe
 l - the +18 shield of the Gong (worn) {rElec rN+ MR+ EV-5}
   (You found it in the Dungeon)

   It affects your evasion (-5).
   It insulates you from electricity.
   It protects you from negative energy.
   It affects your resistance to hostile enchantments.
 F - the +1 leather armour of Xom's Displeasure {+Inv rF++ rC+ Stlth+}
   (You found it in the Dungeon)

   It greatly protects you from fire.
   It protects you from cold.
   It lets you turn invisible.
   It makes you more stealthy.
 I - the +3 robe of Clouds (worn) {+Thunder rCloud rElec}
   (You found it in the Dungeon)

   It insulates you from electricity.
Jewellery
 x - a +6 ring of dexterity (left hand)
 y - a +6 ring of dexterity
 z - a +6 ring of intelligence
 A - a +6 ring of intelligence
 B - a +6 ring of strength
 C - a +6 ring of strength
 E - an uncursed ring of protection from magic
 G - an uncursed ring of stealth
 J - a ring of magical power (right hand)
Wands
 u - a wand of disintegration (7)
 v - a wand of iceblast (7)
 w - a wand of acid (7)
Scrolls
 i - 4 scrolls of blinking
 o - 4 scrolls of amnesia
 p - 7 scrolls of fog
 q - a scroll of holy word
 r - 5 scrolls of identify
 s - 5 scrolls of remove curse
 t - 2 scrolls of fear
Potions
 b - 2 potions of brilliance
 d - 10 potions of curing
 e - 7 potions of heal wounds
 f - 6 potions of haste
 g - 7 potions of magic
 h - 2 potions of berserk rage
 j - a potion of invisibility
 k - 4 potions of resistance
 m - 5 potions of agility
 n - 4 potions of might
Miscellaneous
 H - a sack of spiders
Comestibles
 c - 7 rations


   Skills:
 + Level 9.0(8.2) Fighting
 + Level 9.0(8.2) Short Blades
 + Level 9.0(8.2) Long Blades
 + Level 9.0(8.2) Axes
 + Level 9.0(8.2) Maces & Flails
 + Level 9.0(8.2) Polearms
 + Level 9.0(8.2) Staves
 + Level 9.0(8.2) Slings
 + Level 9.0(8.2) Bows
 + Level 9.0(8.2) Crossbows
 + Level 9.0(8.2) Throwing
 + Level 9.0(8.2) Armour
 + Level 10.1(9.3) Dodging
 + Level 9.9(9.1) Stealth
 + Level 9.0(8.2) Shields
 + Level 9.0(8.2) Unarmed Combat
 + Level 10.3(9.4) Spellcasting
 + Level 7.8(7.1) Conjurations
 + Level 7.5(6.7) Hexes
 + Level 7.5(6.7) Charms
 + Level 7.5(6.7) Summonings
 + Level 7.5(6.7) Necromancy
 + Level 7.5(6.7) Translocations
 + Level 7.5(6.7) Transmutations
 + Level 9.3(8.5) Fire Magic
 + Level 7.5(6.7) Ice Magic
 + Level 7.5(6.7) Air Magic
 + Level 7.5(6.7) Earth Magic
 + Level 7.5(6.7) Poison Magic
 + Level 9.8(9.0) Invocations
 + Level 9.0(8.2) Evocations


You had 12 spell levels left.
You knew the following spells:

 Your Spells              Type           Power        Failure   Level  Hunger
a - Flame Tongue          Conj/Fire      #####        1%          1    None
b - Throw Flame           Conj/Fire      #####.       1%          2    None
c - Sticky Flame          Conj/Fire      #####...     1%          4    ###....
d - Fireball              Conj/Fire      #####.....   5%          5    #####..
e - Bolt of Magma         Conj/Fire/Erth #####.....   6%          5    #####..

Your spell library contained the following spells:

 Spells                   Type           Power        Failure   Level  Hunger
 Static Discharge         Conj/Air       #####...     1%          3    None
 Summon Small Mammal      Summ           ####         1%          1    None
 Passwall                 Tmut/Erth      #####...     1%          2    None
 Conjure Flame            Conj/Fire      #####...     1%          3    None
 Inner Flame              Hex/Fire       #####...     1%          3    None
 Fulminant Prism          Conj/Hex       #####.....   2%          4    ###....
 Throw Icicle             Conj/Ice       #####...     2%          4    ###....
 Call Canine Familiar     Summ           #####...     3%          3    None
 Recall                   Summ/Tloc      N/A          3%          3    None
 Iskenderun's Battlesphe  Conj/Chrm      #####...     8%          5    #####..
 Lightning Bolt           Conj/Air       #####.....   8%          5    #####..
 Petrify                  Tmut/Erth      #####...     11%         4    ###....
 Summon Lightning Spire   Summ/Air       #####...     11%         4    ###....
 Aura of Abjuration       Summ           #####.....   30%         5    #####..
 Silence                  Hex/Air        #####.....   30%         5    #####..
 Summon Demon             Summ           #####.....   30%         5    #####..
 Summon Forest            Summ/Tloc      #####.....   30%         5    #####..
 Summon Mana Viper        Hex/Summ       #####...     30%         5    #####..
 Conjure Ball Lightning   Conj/Air       #####.....   36%         6    ######.
 Deflect Missiles         Chrm/Air       #####.....   86%         6    ######.
 Shadow Creatures         Summ           N/A          86%         6    ######.
 Ignition                 Fire           #####.....   99%         8    #######
 Haunt                    Necr/Summ      #####.....   100%        7    #######
 Borgnjor's Revivificati  Necr           #####.....   100%        8    #######
 Death's Door             Chrm/Necr      #####.....   100%        8    #######
 Infestation              Necr           #####.....   100%        8    #######
 Necromutation            Tmut/Necr      #####.....   100%        8    #######
 Shatter                  Erth           #####.....   100%        9    #######
 Tornado                  Air            #####.....   100%        9    #######


Dungeon Overview and Level Annotations

Branches:
Dungeon (1/1)

Altars:
Ashenzari
Cheibriados
Dithmenos
Elyvilon
Fedhas
Gozag
Hepliaklqana
Kikubaaqudgha
Makhleb
Nemelex Xobeh
Okawaru
Qazlal
Ru
Sif Muna
Trog
Uskayaw
Vehumet
Wu Jian
Xom
Yredelemnul
Zin
The Shining One
Beogh
Jiyva
Lugonu


Innate Abilities, Weirdness & Mutations

Your experience applies equally to all skills.
You have very sharp teeth.
Your uncanny sense of smell can sniff out nearby items.


Message History

Unknown command.
You feel much better.
You block the +1 short sword of draining's attack.
GONNNNG!
The deep elf knight shoots an arrow.
GONNNNG!
You block the arrow. You block the fire elemental's attack.
BONNNG!
You block the +2 flail of holy wrath's attack.
BOUMMMMG!
The deep elf mage gestures at you while chanting.
The bolt of fire hits the fire elemental.
The fire elemental completely resists.
The bolt of fire hits you!!
* * * LOW HITPOINT WARNING * * *
The +1 short sword of draining hits you!
* * * LOW HITPOINT WARNING * * *
You partially resist.
You feel drained.
The deep elf knight shoots an arrow.
The arrow closely misses you. The fire elemental hits you.
The fire elemental burns you!
You die...

∆∆∆∆∆
▓...?.})..▓
∆∆∆∆∆
▓...:))}..▓
▓.........▓
▓e........▓
▓...)°....▓
▓.e.)eE...▓
▓.▓.E((e▓.▓
▓....@....▓
▓▓▓▓▓▓▓▓▓▓▓
∆∆ ∆∆∆∆∆∆∆∆∆
∆∆∆∆∆∆∆∆∆∆∆∆
∆∆∆∆∆∆∆∆∆∆∆∆
∆∆∆∆∆∆


You could see a deep elf death mage, a deep elf archer, a deep elf knight, a
deep elf mage, 2 fire elementals and 2 dancing weapons.

Vanquished Creatures
  A purple draconian (D)
  A deep elf high priest (D)
  A deep elf mage (D)
  A draconian (D)
  A rime drake (D)
  A hornet (D)
  A hippogriff (D)
  5 spriggans (D)
  A basilisk (D)
  2 steam dragons (D)
  A large abomination (D)
  A hell hound (D)
  2 water moccasins (D)
  A swamp drake (D)
  A black bear (D)
  A bullfrog (D)
  A crimson imp (D)
  3 quasits (D)
  An orc priest (D)
  An orc wizard (D)
  3 iron imps (D)
  An iguana (D)
  An adder (D)
  A river rat (D)
  2 shadow imps (D)
  2 white imps (D)
  2 adder zombies (D)
  2 orcs (D)
  A ball python (D)
  3 bat skeletons (D)
  A giant cockroach zombie (D)
  A quokka zombie (D)
48 creatures vanquished.

Notes
Turn   | Place    | Note
-------+----------+-------------------------------------------
     0 | D        | Found the +6 Majin-Bo {vamp, Archmagi MP+6 Int+6}
     0 | D        | Found the +7 great mace "Firestarter" {inner flame, rF++}
     0 | D        | nuthulu the Gnoll Fire Elementalist began the quest for the
                  | Orb.
     0 | D        | Reached XP level 1. HP: 13/13 MP: 6/6
     0 | D        | Found a deep blue altar of Sif Muna.
     0 | D        | Found a sacrificial altar of Ru.
     0 | D        | Found a bloodstained altar of Trog.
     0 | D        | Found a stormy altar of Qazlal.
     0 | D        | Found an iron altar of Okawaru.
     0 | D        | Found a sparkling altar of Nemelex Xobeh.
     0 | D        | Found a blossoming altar of Fedhas.
     2 | D        | Found a transporter.
     2 | D        | Found an ancient bone altar of Kikubaaqudgha.
     2 | D        | Found a viscous altar of Jiyva.
     2 | D        | Found a corrupted altar of Lugonu.
     2 | D        | Found a hazy altar of Hepliaklqana.
     2 | D        | Found a burning altar of Makhleb.
     2 | D        | Found an opulent altar of Gozag.
    21 | D        | Found the +9 heavy crossbow "Sniper" {velocity, Acc+∞ SInv}
    21 | D        | Found the +10 dark maul {crush}
    21 | D        | Found the +15 Maxwell's patent armour {-Cast -Tele rElec
                  | MR+ rCorr}
    21 | D        | Found the +18 shield of the Gong {rElec rN+ MR+ EV-5}
    21 | D        | Found the cursed +14 obsidian axe {chop, +Fly SInv *Curse}
    22 | D        | Found the +6 shillelagh "Devastator" {shatter}
    22 | D        | Found the +11 plutonium sword {*Contam Stlth-}
    22 | D        | Found the +8 lance "Wyrmbane" {slay drac, rPois rF+ rC+
                  | AC+3}
    22 | D        | Found the +9 sword of Zonguldrok {reap}
    22 | D        | Found the cursed +13 scythe of Curses {drain, *Curse}
    22 | D        | Found the +0 sword of Power
    22 | D        | Found the +7 mace of Variability {chain chaos}
    22 | D        | Found the +7 Singing Sword {slice, sonic wave}
    22 | D        | Found the +7 longbow "Piercer" {penet, EV-2}
    36 | D        | Became a worshipper of Vehumet
    40 | D        | Reached skill level 5 in Dodging
    40 | D        | Reached skill level 5 in Spellcasting
    40 | D        | Reached skill level 1 in Hexes
    40 | D        | Reached skill level 1 in Charms
    40 | D        | Reached skill level 1 in Summonings
    40 | D        | Reached skill level 1 in Necromancy
    40 | D        | Reached skill level 1 in Translocations
    40 | D        | Reached skill level 1 in Transmutations
    40 | D        | Reached skill level 1 in Ice Magic
    40 | D        | Reached skill level 1 in Air Magic
    40 | D        | Reached skill level 1 in Earth Magic
    40 | D        | Reached skill level 1 in Poison Magic
    40 | D        | Reached XP level 2. HP: 22/22 MP: 6/8
    44 | D        | Learned a level 2 spell: Throw Flame
    77 | D        | Entered arena 2.
    77 | D        | Noticed a draconian
    77 | D        | Noticed a purple draconian
    77 | D        | Found a transporter.
    89 | D        | Killed a draconian
    89 | D        | Reached skill level 5 in Invocations
    89 | D        | Reached XP level 3. HP: 32/32 MP: 8/11
    89 | D        | Reached XP level 4. HP: 38/38 MP: 9/13
    89 | D        | Reached XP level 5. HP: 43/43 MP: 9/14
    89 | D        | Reached XP level 6. HP: 50/50 MP: 10/16
    92 | D        | Killed a purple draconian
    92 | D        | Reached skill level 5 in Conjurations
    92 | D        | Reached skill level 5 in Hexes
    92 | D        | Reached skill level 5 in Charms
    92 | D        | Reached skill level 5 in Summonings
    92 | D        | Reached skill level 5 in Necromancy
    92 | D        | Reached skill level 5 in Translocations
    92 | D        | Reached skill level 5 in Transmutations
    92 | D        | Reached skill level 5 in Ice Magic
    92 | D        | Reached skill level 5 in Air Magic
    92 | D        | Reached skill level 5 in Earth Magic
    92 | D        | Reached skill level 5 in Poison Magic
    92 | D        | Reached XP level 7. HP: 59/59 MP: 10/18
    92 | D        | Reached XP level 8. HP: 65/65 MP: 11/20
    99 | D        | Got the Volume of Confrontation and Fire
   106 | D        | Learned a level 4 spell: Sticky Flame
   112 | D        | Learned a level 5 spell: Fireball
   140 | D        | Learned a level 5 spell: Bolt of Magma
   142 | D        | Entered arena 3.
   142 | D        | Found a transporter.
   145 | D        | Reached * piety under Vehumet
   145 | D        | Offered knowledge of Shock by Vehumet.
   152 | D        | Got the +1 leather armour of Xom's Displeasure {+Inv rF++
                  | rC+ Stlth+}
   168 | D        | Entered arena 4.
   168 | D        | Found a transporter.
   171 | D        | Reached ** piety under Vehumet
   210 | D        | Entered arena 5.
   210 | D        | Noticed a rime drake
   210 | D        | Found a transporter.
   221 | D        | Killed a rime drake
   221 | D        | Reached *** piety under Vehumet
   221 | D        | Reached XP level 9. HP: 47/72 MP: 21/21
   438 | D        | Entered arena 6.
   438 | D        | Found a transporter.
   439 | D        | Found the +3 sling "Punk" {acid, rCorr}
   439 | D        | Offered knowledge of Freeze by Vehumet.
   439 | D        | Reached **** piety under Vehumet
   477 | D        | Entered arena 7.
   477 | D        | Noticed a spriggan rider
   478 | D        | Identified the +6 quarterstaff "Focw" {crush, rElec rC+
                  | Int-4}
   479 | D        | Reached ***** piety under Vehumet
   481 | D        | Found a transporter.
   483 | D        | Killed a hornet
   563 | D        | Entered arena 8.
   564 | D        | Found the +3 robe of Clouds {+Thunder rCloud rElec}
   564 | D        | Offered knowledge of Dazzling Spray by Vehumet.
   565 | D        | Reached XP level 10. HP: 80/80 MP: 14/23
   566 | D        | Reached ****** piety under Vehumet
   567 | D        | Found a transporter.
   704 | D        | Entered arena 9.
   710 | D        | Found a transporter.
   724 | D        | Got the Catalogue of Ashen Summoning
   852 | D        | Entered arena 10.
   853 | D        | Offered knowledge of Static Discharge by Vehumet.
   858 | D        | Found a transporter.
   937 | D        | Entered arena 11.
   937 | D        | Noticed a deep elf death mage
   937 | D        | Noticed a +1 short sword of draining
   937 | D        | Noticed a deep elf mage
   937 | D        | Noticed a deep elf knight
   937 | D        | Noticed a deep elf mage
   937 | D        | Noticed a deep elf high priest
   937 | D        | Noticed a +2 flail of holy wrath
   937 | D        | Noticed a deep elf archer
   937 | D        | Noticed a deep elf knight
   942 | D        | Killed a deep elf mage
   942 | D        | Reached skill level 10 in Spellcasting
   942 | D        | Killed a deep elf high priest
   942 | D        | Reached skill level 10 in Dodging
   945 | D        | Slain by a fire elemental

Skill      XL: |  1  2  3  4  5  6  7  8  9 10 |
---------------+-------------------------------+-----
Fighting       | 2 4 6 7 8 9 |  9.0
Short Blades   | 2 4 6 7 8 9 |  9.0
Long Blades    | 2 4 6 7 8 9 |  9.0
Axes           | 2 4 6 7 8 9 |  9.0
Maces & Flails | 2 4 6 7 8 9 |  9.0
Polearms       | 2 4 6 7 8 9 |  9.0
Staves         | 2 4 6 7 8 9 |  9.0
Slings         | 2 4 6 7 8 9 |  9.0
Bows           | 2 4 6 7 8 9 |  9.0
Crossbows      | 2 4 6 7 8 9 |  9.0
Throwing       | 2 4 6 7 8 9 |  9.0
Armour         | 2 4 6 7 8 9 |  9.0
Dodging        | 5 6 8 9 10 | 10.1
Shields        | 2 4 6 7 8 9 |  9.0
Unarmed Combat | 2 4 6 7 8 9 |  9.0
Spellcasting   | 5 7 8 9 10 | 10.3
Conjurations   | 2 4 5 6 7 |  7.8
Hexes          | 1 4 5 6 7 |  7.5
Charms         | 1 4 5 6 7 |  7.5
Summonings     | 1 4 5 6 7 |  7.5
Necromancy     | 1 4 5 6 7 |  7.5
Translocations | 1 4 5 6 7 |  7.5
Transmutations | 1 4 5 6 7 |  7.5
Ice Magic      | 1 4 5 6 7 |  7.5
Air Magic      | 1 4 5 6 7 |  7.5
Earth Magic    | 1 4 5 6 7 |  7.5
Poison Magic   | 1 4 5 6 7 |  7.5
Invocations    | 2 5 7 9 |  9.8
Evocations     | 2 4 6 7 8 9 |  9.0
Stealth        | 6 7 8 9 |  9.9
Fire Magic     | 6 7 8 9 |  9.3

Action                   |  1- 3 |  4- 6 |  7- 9 | 10-12 || total
-------------------------+-------+-------+-------+-------++-------
Melee: Shillelagh        |     6 |     3 |    29 |     7 ||    45
       Bite              |     3 |       |     5 |       ||     8
 Cast: Fireball          |       |       |     5 |    17 ||    22
       Bolt of Magma     |       |       |       |     2 ||     2
  Use: Potion            |     5 |       |       |     2 ||     7
 Stab: Invisible         |     1 |     1 |       |       ||     2
       Sleeping          |       |       |     1 |       ||     1
       Confused          |       |       |     1 |       ||     1
  Eat: Chunk             |       |       |       |     2 ||     2
       Ration            |       |       |       |     1 ||     1
Armor: Leather armour    |       |       |     1 |       ||     1
       Robe              |       |       |       |     1 ||     1
Dodge: Dodged            |     1 |       |    12 |     3 ||    16
Block: Shield            |    10 |     1 |    23 |    16 ||    50
